Zazza, neutral female human Tourist --------- ######........| ------ |.......| |...>-# ##........| #-....|# # |.......| ------ ###------# ### |.......| |.*.$| # # @ ######........| |.(*.-#### ### q # --------- |....| # # # # ###### ------ ### -------### # # # # |.....|# # # ### ### |.....|# # # # # # |.....|# ############# # -----.--------- ##......|# #---.-------# #..............| |.....-# #|.........+# ###|.............| ------- #+......<..| # |.............| |.........|####### --------------- ----------- Zazza the Rambler Experience level: 2 Strength: 12 Dexterity: 11 Constitution: 14 Intelligence: 14 Wisdom: 8 Charisma: 18 Health: 0(17) Energy: 7(7) Def: 0 Gold: 0 Moves: 2538 Dungeon seed: XbMsqXt2Q_xFQB7C Game ID: Zazza_1563108954 Your Inventory: Weapons a - 25 +2 darts (in quiver) s - a +1 orcish dagger (weapon in hand) Q - 7 +0 crossbow bolts W - a +0 knife Armor e - a blessed +0 Hawaiian shirt (being worn) Comestibles T - an uncursed egg Potions h - a blessed potion of extra healing Rings Y - an uncursed ring of conflict Wands x - a wand of create monster (0:15) E - a wand of magic missile (0:7) F - a wand of create monster (0:11) G - a wand of probing (0:8) H - a wand of cold (0:7) I - a wand of slow monster (0:5) J - a wand of light (0:13) K - a wand of striking (0:6) L - a wand of striking (0:7) M - a wand of lightning (0:4) N - a wand of light (0:15) O - a wand of create monster (0:14) P - a wand of lightning (0:4) U - a wand of polymorph (0:6) Tools j - an expensive camera (0:50) k - an uncursed credit card l - an uncursed sack q - an uncursed sack Gems n - an uncursed worthless piece of violet glass Contents of the sack: 598 gold pieces an uncursed +0 orcish helm 6 uncursed food rations an uncursed tripe ration 2 uncursed scrolls of identify an uncursed scroll of light 3 uncursed scrolls of magic mapping 2 uncursed scrolls of remove curse an uncursed spellbook of force bolt an uncursed spellbook of sleep an uncursed spellbook of sleep an uncursed potion of extra healing an uncursed potion of fruit juice an uncursed potion of water a can of grease (0:20) an uncursed wax candle (0:400) an uncursed worthless piece of violet glass 2 uncursed worthless pieces of white glass an uncursed worthless piece of yellowish brown glass Spells and supernatural/magical abilities: Name Level Category Fail Memory W - pray for help -- divine ? -- Your skills at the end: Fighting Skills Weapon Skills dart [Basic] Spellcasting Skills Final Attributes: You were aligned. You are dead. Vanquished creatures: a giant bat a hobgoblin a brown mold 2 yellow molds a gecko 3 jackals a fox a goblin a sewer rat 2 grid bugs 2 lichens 7 newts 23 creatures vanquished. Voluntary challenges: You used a wielded weapon 1 time, starting on turn 2538. You read items or engraved 1 time, starting on turn 2343. You never genocided any monsters. You never polymorphed an object. You never changed form. You used no wishes. You never split a pudding. You never wrote Elbereth's name. You never violated your personal moral code. Dungeon overview: The Dungeons of Doom: levels 1 to 7 Level 1 some fountains a long staircase Level 2 an altar to The Lady, some fountains Level 3 a scroll shop a long staircase Level 4 a wand shop, a fountain Level 5 Level 7 <- You were here a general store History has recorded: On T:1 you entered the Dungeons of Doom to retrieve the Amulet of Yendor! On T:448 you reached level 2 of The Dungeons of Doom. On T:881 you advanced to experience level 2. On T:970 you reached level 3 of The Dungeons of Doom. On T:1347 you reached level 4 of The Dungeons of Doom. On T:2018 you reached level 5 of The Dungeons of Doom. On T:2072 you reached level 7 of The Dungeons of Doom. Score breakdown: Gold: 404 ( 8869 points) Experience: 2 levels ( 5570 points) Exploration: 7 levels ( 13.73%) (10392 points) Discoveries: 3 items ( 1.01%) ( 3010 points) Valuables value: (no points given unless you survive) Artifact value: 0 ( 0 points) Variety of kills: 12 monsters ( 3.15%) ( 5324 points) Turncount: 2538 turns ( -352 points) Survival: died (score multiplied by 80%) Total score: 26250 Latest messages: Y - a copper ring. Aklavik zaps a brass wand! The wand hits you! You take off your copper ring. You are beginning to feel hungry. The door opens. The rothe hits! The rothe bites! (2x) You hit it. The rothe hits! The rothe bites! (2x) You die... The sack is empty. The sack is empty. Final status: Aloha Zazza the Tourist, killed by a rothe... You died in The Dungeons of Doom on dungeon level 7 with 26250 points, and 598 pieces of gold, after 2538 moves. You were level 2 with a maximum of 17 hit points when you died.